[ AOE2 MATCH · #479265755 ]
Team RMTurks vs Turks
[ REPLAY ANALYSIS · EXTRACTED FROM THE RECORDED GAME ]
Feudal
11:24
Castle
15:01
Imperial
36:13
| APM avg | 36.8 |
| APM peak | 60 |
| eAPM avg | 18.4 |
| Villagers / military | 117 / 105 |
Focus
⚔️ 21.7% · 🌾 78.3%
Hand Cannoneer ×34 · Janissary ×30 · Scout Cavalry ×30 · Skirmisher ×9 · Knight ×1 · Bombard Cannon ×1
Feudal
10:35
Castle
17:32
Imperial
27:24
| APM avg | 17.6 |
| APM peak | 37 |
| eAPM avg | 13.5 |
| Villagers / military | 72 / 221 |
Focus
⚔️ 26.2% · 🌾 73.8%
Hand Cannoneer ×199 · Knight ×11 · Scout Cavalry ×5 · Bombard Cannon ×5 · Monk ×1
Feudal
11:46
Castle
15:58
Imperial
32:57
| APM avg | 49.3 |
| APM peak | 106 |
| eAPM avg | 24.3 |
| Villagers / military | 72 / 112 |
Focus
⚔️ 16.0% · 🌾 84.0%
Scout Cavalry ×98 · Serjeant ×6 · Scorpion ×4 · Knight ×2 · Mangonel ×2
Feudal
11:00
Castle
15:29
Imperial
30:45
| APM avg | 31.6 |
| APM peak | 63 |
| eAPM avg | 16.5 |
| Villagers / military | 121 / 126 |
Focus
⚔️ 29.7% · 🌾 70.3%
Archer ×52 · Spearman ×48 · Hussite Wagon ×13 · Bombard Cannon ×7 · Monk ×3 · Trebuchet (Packed) ×3
Match map
Initial resources + every placement click. Lines = walls · curves = elevation contours. ◆ gold · ⬟ stone · ● berries · ✦ relic · ◌ wall gap
Your base· ✓ Closed at 15:01 · 0t walls · 2 gate(s)
BKlinz88's base· ✓ Closed at 17:32 · 7t walls · 3 gate(s)
Fede's base· ✓ Closed at 15:58 · 0t walls · 2 gate(s)
slebo's base· ✓ Closed at 15:29 · 0t walls · 2 gate(s)
Smoothed initial terrain · ◌ = detected wall gap · hover for details
Inputs per minute
— slavlop - - BKlinz88
Build order — slavlop
First 150 of 336 actions detected
| 0:01 | Create | Villager (Male) |
| 0:02 | Create | Villager (Male) |
| 0:03 | Build | House |
| 0:04 | Build | House |
| 0:20 | Create | Villager (Male) |
| 0:20 | Create | Villager (Male) |
| 0:20 | Create | Villager (Male) |
| 1:30 | Create | Villager (Male) |
| 1:53 | Build | Lumber Camp |
| 2:09 | Create | Villager (Male) |
| 2:10 | Create | Villager (Male) |
| 2:30 | Create | Villager (Male) |
| 2:49 | Create | Villager (Male) |
| 3:12 | Create | Villager (Male) |
| 3:47 | Create | Villager (Male) |
| 3:53 | Build | House |
| 3:58 | Build | Mill |
| 4:21 | Create | Villager (Male) |
| 4:22 | Create | Villager (Male) |
| 5:29 | Create | Villager (Male) |
| 5:29 | Create | Villager (Male) |
| 5:55 | Create | Villager (Male) |
| 5:58 | Build | House |
| 6:02 | Create | Villager (Male) |
| 6:34 | Create | Villager (Male) |
| 6:50 | Build | Mill |
| 6:53 | Create | Villager (Male) |
| 7:04 | Create | Villager (Male) |
| 7:58 | Create | Villager (Male) |
| 8:43 | Build | House |
| 8:47 | Create | Villager (Male) |
| 8:52 | Research | Feudal Age |
| 8:59 | Build | Mining Camp |
| 9:54 | Create | Villager (Male) |
| 9:54 | Create | Villager (Male) |
| 11:24 | Age | Feudal Age |
| 11:30 | Build | Market |
| 11:36 | Build | Blacksmith |
| 12:21 | Research | Castle Age |
| 12:24 | Build | Mining Camp |
| 12:57 | Build | Barracks |
| 13:00 | Research | Double-Bit Axe |
| 13:11 | Research | Horse Collar |
| 14:16 | Build | Stable |
| 14:44 | Build | Farm |
| 14:47 | Build | Farm |
| 14:51 | Create | Villager (Male) |
| 14:52 | Create | Villager (Male) |
| 15:01 | Age | Castle Age |
| 15:19 | Create | Villager (Male) |
| 15:25 | Build | Farm |
| 15:26 | Build | Farm |
| 15:47 | Build | Mill |
| 16:12 | Create | Scout Cavalry |
| 16:12 | Create | Scout Cavalry |
| 16:17 | Build | House |
| 16:24 | Research | Loom |
| 16:57 | Build | Castle |
| 17:03 | Create | Scout Cavalry |
| 17:10 | Create | Villager (Male) |
| 17:10 | Create | Villager (Male) |
| 17:14 | Build | Farm |
| 17:21 | Build | Farm |
| 17:25 | Build | Farm |
| 17:26 | Build | Farm |
| 17:29 | Build | Farm |
| 17:33 | Create | Villager (Male) |
| 17:34 | Create | Villager (Male) |
| 17:45 | Create | Villager (Male) |
| 17:58 | Create | Villager (Male) |
| 18:15 | Build | Lumber Camp |
| 18:24 | Build | Farm |
| 18:29 | Build | House |
| 18:52 | Build | Mining Camp |
| 19:01 | Research | Fletching |
| 19:03 | Create | Villager (Male) |
| 19:06 | Build | Farm |
| 19:10 | Create | Janissary |
| 19:18 | Create | Villager (Male) |
| 19:45 | Create | Villager (Male) |
| 19:45 | Create | Villager (Male) |
| 19:58 | Create | Villager (Male) |
| 19:58 | Create | Villager (Male) |
| 20:21 | Create | Janissary |
| 20:22 | Create | Janissary |
| 20:48 | Create | Villager (Male) |
| 20:48 | Create | Villager (Male) |
| 21:06 | Create | Janissary |
| 21:06 | Create | Janissary |
| 21:06 | Create | Janissary |
| 21:23 | Create | Knight |
| 21:33 | Create | Villager (Male) |
| 21:33 | Create | Villager (Male) |
| 21:35 | Build | Farm |
| 21:39 | Build | Farm |
| 21:39 | Build | Farm |
| 21:39 | Build | Farm |
| 21:39 | Build | Farm |
| 21:40 | Build | Farm |
| 21:40 | Build | Farm |
| 21:42 | Create | Villager (Male) |
| 21:42 | Create | Villager (Male) |
| 21:54 | Build | Lumber Camp |
| 22:15 | Create | Janissary |
| 22:15 | Create | Janissary |
| 22:23 | Create | Janissary |
| 22:36 | Create | Villager (Male) |
| 22:36 | Create | Villager (Male) |
| 22:46 | Create | Janissary |
| 23:18 | Create | Villager (Male) |
| 23:36 | Build | Town Center |
| 23:57 | Build | Town Center |
| 24:05 | Create | Janissary |
| 24:53 | Create | Janissary |
| 24:53 | Create | Janissary |
| 25:00 | Create | Scout Cavalry |
| 25:00 | Create | Scout Cavalry |
| 25:01 | Create | Scout Cavalry |
| 25:28 | Create | Janissary |
| 25:28 | Create | Janissary |
| 25:34 | Create | Villager (Male) |
| 25:34 | Create | Villager (Male) |
| 25:35 | Create | Villager (Male) |
| 25:35 | Create | Villager (Male) |
| 25:35 | Create | Villager (Male) |
| 25:45 | Research | Padded Archer Armor |
| 25:48 | Create | Villager (Male) |
| 25:49 | Create | Villager (Male) |
| 25:51 | Build | Farm |
| 25:51 | Build | Farm |
| 25:51 | Build | Farm |
| 25:51 | Build | Farm |
| 25:52 | Build | Farm |
| 25:59 | Build | Farm |
| 26:00 | Build | Farm |
| 26:00 | Build | Farm |
| 26:00 | Build | Farm |
| 26:00 | Build | Farm |
| 26:01 | Build | Farm |
| 26:02 | Create | Villager (Male) |
| 26:02 | Create | Villager (Male) |
| 26:11 | Create | Janissary |
| 26:11 | Create | Janissary |
| 26:35 | Create | Janissary |
| 26:35 | Create | Janissary |
| 26:36 | Create | Janissary |
| 27:03 | Create | Villager (Male) |
| 27:04 | Create | Villager (Male) |
| 27:04 | Create | Villager (Male) |
| 27:04 | Create | Villager (Male) |
Build order — BKlinz88
First 150 of 245 actions detected
| 0:02 | Build | House |
| 0:02 | Create | Villager (Male) |
| 0:03 | Create | Villager (Male) |
| 0:03 | Create | Villager (Male) |
| 0:04 | Build | House |
| 0:08 | Create | Villager (Male) |
| 0:08 | Create | Villager (Male) |
| 1:33 | Create | Villager (Male) |
| 1:33 | Create | Villager (Male) |
| 1:58 | Create | Villager (Male) |
| 1:58 | Create | Villager (Male) |
| 2:16 | Build | Lumber Camp |
| 2:18 | Create | Villager (Male) |
| 2:18 | Create | Villager (Male) |
| 2:57 | Create | Villager (Male) |
| 2:57 | Create | Villager (Male) |
| 3:17 | Create | Villager (Male) |
| 3:17 | Create | Villager (Male) |
| 3:18 | Create | Villager (Male) |
| 3:56 | Build | House |
| 4:03 | Create | Villager (Male) |
| 4:04 | Create | Villager (Male) |
| 4:27 | Create | Villager (Male) |
| 4:27 | Create | Villager (Male) |
| 4:28 | Create | Villager (Male) |
| 5:10 | Create | Villager (Male) |
| 6:01 | Build | House |
| 6:03 | Create | Villager (Male) |
| 6:31 | Create | Villager (Male) |
| 6:32 | Create | Villager (Male) |
| 6:55 | Build | Barracks |
| 7:07 | Build | House |
| 7:09 | Build | House |
| 7:17 | Build | Palisade Wall |
| 7:32 | Research | Loom |
| 7:42 | Build | Mill |
| 8:05 | Build | Mill |
| 8:25 | Research | Feudal Age |
| 8:39 | Build | House |
| 9:02 | Build | Palisade Gate |
| 9:29 | Create | Villager (Male) |
| 9:29 | Create | Villager (Male) |
| 9:29 | Create | Villager (Male) |
| 9:40 | Build | House |
| 10:35 | Age | Feudal Age |
| 10:44 | Build | Market |
| 11:02 | Research | Double-Bit Axe |
| 11:08 | Research | Horse Collar |
| 11:10 | Create | Villager (Male) |
| 11:14 | Build | Mining Camp |
| 11:25 | Build | Blacksmith |
| 11:38 | Create | Villager (Male) |
| 11:56 | Research | Gold Mining |
| 12:24 | Create | Villager (Male) |
| 12:33 | Create | Villager (Male) |
| 12:58 | Create | Villager (Male) |
| 13:01 | Create | Villager (Male) |
| 14:52 | Research | Castle Age |
| 14:55 | Build | Farm |
| 14:55 | Build | Farm |
| 14:55 | Build | Farm |
| 14:56 | Build | Farm |
| 14:56 | Build | Farm |
| 14:56 | Build | Farm |
| 14:56 | Build | Farm |
| 14:57 | Build | Farm |
| 14:57 | Build | Farm |
| 14:57 | Build | Farm |
| 14:57 | Build | Farm |
| 14:58 | Build | Farm |
| 14:58 | Build | Farm |
| 15:22 | Build | Farm |
| 16:21 | Build | Stable |
| 17:14 | Create | Villager (Male) |
| 17:15 | Create | Villager (Male) |
| 17:15 | Create | Villager (Male) |
| 17:32 | Age | Castle Age |
| 17:36 | Build | Town Center |
| 17:39 | Create | Villager (Male) |
| 17:39 | Create | Villager (Male) |
| 17:42 | Build | Farm |
| 17:43 | Build | Farm |
| 17:50 | Create | Knight |
| 17:51 | Create | Knight |
| 17:52 | Create | Knight |
| 18:17 | Build | Farm |
| 18:17 | Build | Farm |
| 18:17 | Build | Farm |
| 18:18 | Build | Farm |
| 18:18 | Build | Farm |
| 18:19 | Build | Farm |
| 18:28 | Build | House |
| 18:28 | Build | House |
| 18:39 | Build | House |
| 18:42 | Create | Villager (Male) ×4 |
| 18:42 | Create | Villager (Male) ×4 |
| 19:07 | Build | Palisade Gate |
| 19:15 | Build | Palisade Wall |
| 19:17 | Create | Villager (Male) |
| 19:18 | Create | Villager (Male) |
| 19:22 | Build | Farm |
| 19:26 | Build | Farm |
| 19:31 | Create | Knight |
| 19:52 | Build | Farm |
| 19:54 | Build | Farm |
| 20:15 | Build | Mining Camp |
| 20:26 | Create | Knight |
| 20:29 | Create | Villager (Male) |
| 20:29 | Create | Villager (Male) |
| 20:30 | Create | Villager (Male) |
| 20:30 | Create | Villager (Male) |
| 20:32 | Build | Farm |
| 20:32 | Build | Farm |
| 20:32 | Build | Farm |
| 20:33 | Build | Farm |
| 20:33 | Build | Farm |
| 20:34 | Build | Farm |
| 20:34 | Build | Farm |
| 20:52 | Create | Knight |
| 21:10 | Create | Villager (Male) |
| 21:11 | Create | Villager (Male) |
| 21:11 | Create | Villager (Male) |
| 21:16 | Build | Farm |
| 21:21 | Build | Farm |
| 21:21 | Build | Farm |
| 21:21 | Build | Farm |
| 21:21 | Build | Farm |
| 21:22 | Build | Farm |
| 21:22 | Build | Farm |
| 22:11 | Build | Monastery |
| 22:25 | Create | Knight |
| 22:36 | Create | Villager (Male) |
| 22:36 | Create | Villager (Male) |
| 22:37 | Create | Villager (Male) |
| 22:37 | Create | Villager (Male) |
| 23:06 | Create | Monk |
| 23:46 | Build | Siege Workshop |
| 24:14 | Research | Imperial Age |
| 24:20 | Create | Villager (Male) ×2 |
| 24:39 | Create | Knight ×2 |
| 24:58 | Build | Archery Range |
| 24:59 | Build | Archery Range |
| 25:20 | Create | Knight |
| 25:43 | Build | Archery Range |
| 26:11 | Build | House |
| 26:13 | Build | House |
| 26:14 | Build | House |
| 26:18 | Build | House |
| 26:19 | Build | House |
| 26:20 | Build | House |
Build order — Fede
First 150 of 238 actions detected
| 0:02 | Build | House |
| 0:03 | Build | House |
| 0:51 | Create | Villager (Male) |
| 0:51 | Create | Villager (Male) |
| 0:52 | Create | Villager (Male) |
| 0:52 | Create | Villager (Male) |
| 0:52 | Create | Villager (Male) |
| 1:24 | Create | Villager (Male) |
| 1:25 | Create | Villager (Male) |
| 2:12 | Create | Villager (Male) |
| 2:13 | Create | Villager (Male) |
| 2:44 | Build | Lumber Camp |
| 2:46 | Create | Villager (Male) |
| 2:46 | Create | Villager (Male) |
| 3:26 | Create | Villager (Male) |
| 3:26 | Create | Villager (Male) |
| 4:21 | Build | House |
| 4:23 | Build | House |
| 4:25 | Create | Villager (Male) |
| 4:57 | Create | Villager (Male) |
| 4:57 | Create | Villager (Male) |
| 4:58 | Create | Villager (Male) |
| 5:05 | Build | Mill |
| 5:35 | Create | Villager (Male) |
| 5:54 | Create | Villager (Male) |
| 6:18 | Create | Villager (Male) |
| 7:06 | Create | Villager (Male) |
| 7:06 | Create | Villager (Male) |
| 7:35 | Build | House |
| 7:51 | Create | Villager (Male) |
| 7:59 | Build | Mining Camp |
| 8:05 | Create | Villager (Male) |
| 8:34 | Create | Villager (Male) |
| 8:34 | Create | Villager (Male) |
| 9:11 | Research | Feudal Age |
| 9:22 | Build | Mining Camp |
| 9:27 | Build | Mining Camp |
| 9:54 | Build | Mill |
| 10:13 | Create | Villager (Male) |
| 10:13 | Create | Villager (Male) |
| 11:46 | Age | Feudal Age |
| 11:47 | Build | Farm |
| 11:48 | Build | Farm |
| 11:52 | Build | Blacksmith |
| 11:55 | Build | Market |
| 12:04 | Create | Villager (Male) |
| 12:09 | Research | Loom |
| 12:41 | Build | Farm |
| 13:18 | Research | Castle Age |
| 13:25 | Build | Farm |
| 13:59 | Research | Double-Bit Axe |
| 14:05 | Build | House |
| 14:48 | Build | House |
| 14:51 | Build | House |
| 14:52 | Build | House |
| 15:04 | Create | Villager (Male) |
| 15:05 | Create | Villager (Male) |
| 15:31 | Research | Horse Collar |
| 15:58 | Age | Castle Age |
| 16:06 | Build | Castle |
| 16:11 | Create | Villager (Male) |
| 16:11 | Create | Villager (Male) |
| 16:36 | Build | Farm |
| 17:07 | Build | Farm |
| 17:08 | Build | Farm |
| 17:10 | Build | Farm |
| 17:11 | Create | Villager (Male) |
| 17:22 | Create | Serjeant |
| 17:31 | Build | Farm |
| 17:50 | Create | Serjeant |
| 18:12 | Build | Farm |
| 18:15 | Build | Farm |
| 18:25 | Create | Serjeant |
| 18:31 | Create | Villager (Male) |
| 18:32 | Create | Villager (Male) |
| 18:32 | Create | Villager (Male) |
| 18:34 | Create | Villager (Male) |
| 18:51 | Create | Villager (Male) |
| 19:01 | Research | Heavy Plow |
| 19:05 | Build | Barracks |
| 19:08 | Build | Farm |
| 19:44 | Create | Villager (Male) |
| 19:45 | Create | Villager (Male) |
| 20:02 | Build | Donjon |
| 20:06 | Create | Serjeant |
| 20:06 | Create | Serjeant |
| 20:17 | Build | Farm |
| 21:06 | Build | Town Center |
| 21:07 | Create | Villager (Male) |
| 21:07 | Create | Villager (Male) |
| 21:13 | Build | Farm |
| 21:20 | Research | Squires |
| 21:52 | Build | Town Center |
| 21:55 | Create | Villager (Male) |
| 21:55 | Create | Villager (Male) |
| 21:55 | Create | Villager (Male) |
| 21:55 | Create | Villager (Male) |
| 22:05 | Build | House |
| 22:05 | Build | House |
| 22:20 | Create | Villager (Male) |
| 22:20 | Create | Villager (Male) |
| 22:21 | Create | Villager (Male) |
| 22:21 | Create | Villager (Male) |
| 23:20 | Create | Villager (Male) |
| 23:23 | Create | Villager (Male) |
| 23:23 | Create | Villager (Male) |
| 23:23 | Create | Villager (Male) |
| 23:23 | Create | Villager (Male) |
| 23:41 | Build | Farm |
| 23:41 | Build | Farm |
| 23:49 | Build | Farm |
| 23:49 | Build | Farm |
| 23:50 | Build | Farm |
| 23:50 | Build | Farm |
| 23:50 | Build | Farm |
| 23:50 | Build | Farm |
| 23:55 | Build | Farm |
| 23:55 | Build | Farm |
| 23:56 | Build | Farm |
| 23:57 | Build | Farm |
| 23:57 | Build | Farm |
| 23:57 | Build | Farm |
| 23:58 | Build | Farm |
| 23:58 | Build | Farm |
| 24:00 | Create | Villager (Male) |
| 24:00 | Create | Villager (Male) |
| 24:00 | Create | Villager (Male) |
| 24:01 | Create | Villager (Male) |
| 25:14 | Build | Stable |
| 25:18 | Build | Stable |
| 25:35 | Create | Villager (Male) |
| 25:35 | Create | Villager (Male) |
| 25:36 | Create | Villager (Male) |
| 25:44 | Create | Villager (Male) |
| 25:45 | Create | Villager (Male) |
| 25:45 | Create | Villager (Male) |
| 25:46 | Create | Villager (Male) |
| 25:51 | Build | Farm |
| 25:51 | Build | Farm |
| 25:51 | Build | Farm |
| 26:19 | Research | Scale Barding Armor |
| 26:20 | Research | Forging |
| 26:25 | Research | Bloodlines |
| 26:26 | Research | Husbandry |
| 26:43 | Build | Siege Workshop |
| 26:46 | Create | Serjeant |
| 27:04 | Build | Stone Wall |
| 27:13 | Research | Wheelbarrow |
| 27:13 | Research | Town Watch |
| 27:38 | Build | House |
Build order — slebo
First 150 of 369 actions detected
| 0:02 | Create | Villager (Male) |
| 0:02 | Create | Villager (Male) |
| 0:03 | Build | House |
| 0:04 | Build | House |
| 0:14 | Create | Villager (Male) |
| 0:14 | Create | Villager (Male) |
| 1:26 | Create | Villager (Male) |
| 1:59 | Create | Villager (Male) |
| 2:09 | Create | Villager (Male) |
| 2:13 | Build | Lumber Camp |
| 2:45 | Create | Villager (Male) |
| 3:24 | Create | Villager (Male) |
| 3:38 | Create | Villager (Male) |
| 3:50 | Create | Villager (Male) |
| 4:29 | Build | House |
| 4:35 | Research | Loom |
| 5:01 | Create | Villager (Male) |
| 5:16 | Create | Villager (Male) |
| 5:31 | Create | Villager (Male) |
| 5:59 | Build | House |
| 6:03 | Create | Villager (Male) |
| 6:21 | Build | Mill |
| 6:41 | Create | Villager (Male) |
| 7:00 | Create | Villager (Male) |
| 7:26 | Create | Villager (Male) |
| 7:38 | Create | Villager (Male) |
| 7:55 | Build | Mill |
| 8:15 | Create | Villager (Male) |
| 8:27 | Build | Mining Camp |
| 8:50 | Research | Feudal Age |
| 9:26 | Build | House |
| 10:38 | Create | Villager (Male) |
| 11:00 | Age | Feudal Age |
| 11:03 | Create | Villager (Male) |
| 11:18 | Build | Blacksmith |
| 11:39 | Build | Market |
| 11:52 | Create | Villager (Male) |
| 12:24 | Create | Villager (Male) |
| 12:41 | Research | Castle Age |
| 12:58 | Build | Farm |
| 13:05 | Build | Farm |
| 13:12 | Build | Farm |
| 13:28 | Build | House |
| 13:36 | Build | Farm |
| 13:40 | Build | Farm |
| 13:45 | Build | Farm |
| 13:46 | Create | Villager (Male) |
| 14:06 | Build | Farm |
| 14:13 | Build | Farm |
| 14:44 | Research | Double-Bit Axe |
| 15:29 | Age | Castle Age |
| 15:32 | Build | Town Center |
| 15:34 | Create | Villager (Male) |
| 16:01 | Create | Villager (Male) |
| 16:09 | Build | Monastery |
| 16:20 | Create | Villager (Male) |
| 16:25 | Research | Wheelbarrow |
| 16:43 | Create | Villager (Male) |
| 16:53 | Build | House |
| 16:57 | Research | Fervor |
| 16:58 | Create | Monk |
| 17:05 | Create | Villager (Male) |
| 17:08 | Create | Villager (Male) |
| 17:23 | Create | Villager (Male) |
| 17:35 | Build | Town Center |
| 17:36 | Create | Villager (Male) |
| 17:52 | Create | Villager (Male) |
| 18:14 | Research | Horse Collar |
| 18:16 | Build | Farm |
| 18:16 | Build | Farm |
| 18:17 | Build | Farm |
| 18:17 | Build | Farm |
| 18:17 | Build | Farm |
| 18:17 | Build | Farm |
| 18:40 | Create | Villager (Male) |
| 18:54 | Create | Villager (Male) |
| 18:56 | Create | Villager (Male) |
| 19:02 | Build | Farm |
| 19:02 | Build | Farm |
| 19:02 | Build | Farm |
| 19:02 | Build | Farm |
| 19:03 | Build | Farm |
| 19:03 | Build | Farm |
| 19:03 | Build | Farm |
| 19:03 | Build | Farm |
| 19:03 | Build | Farm |
| 19:04 | Build | Farm |
| 19:18 | Create | Monk |
| 19:44 | Create | Villager (Male) |
| 19:44 | Create | Villager (Male) |
| 20:07 | Build | Barracks |
| 20:27 | Create | Villager (Male) |
| 20:27 | Create | Villager (Male) |
| 20:29 | Create | Villager (Male) |
| 20:46 | Create | Villager (Male) |
| 20:46 | Create | Villager (Male) |
| 20:55 | Build | Archery Range |
| 20:57 | Create | Villager (Male) |
| 21:11 | Create | Villager (Male) |
| 21:16 | Research | Town Watch |
| 21:16 | Create | Villager (Male) |
| 21:16 | Create | Villager (Male) |
| 21:20 | Research | Fletching |
| 21:26 | Build | House |
| 21:28 | Build | Farm |
| 21:29 | Build | Farm |
| 21:29 | Build | Farm |
| 21:29 | Build | Farm |
| 21:29 | Build | Farm |
| 21:37 | Build | House |
| 21:39 | Build | House |
| 21:43 | Build | Mining Camp |
| 21:47 | Create | Archer |
| 21:47 | Create | Archer |
| 21:59 | Create | Monk |
| 22:03 | Create | Villager (Male) |
| 22:03 | Create | Villager (Male) |
| 22:03 | Create | Villager (Male) |
| 22:08 | Build | Farm |
| 22:08 | Build | Farm |
| 22:08 | Build | Farm |
| 22:09 | Build | Farm |
| 22:10 | Create | Villager (Male) |
| 22:13 | Build | House |
| 22:15 | Create | Archer |
| 22:41 | Create | Villager (Male) |
| 22:41 | Create | Villager (Male) |
| 22:51 | Create | Villager (Male) |
| 22:57 | Research | Crossbowman (upgrade) |
| 23:05 | Build | House |
| 23:05 | Build | House |
| 23:06 | Create | Villager (Male) |
| 23:19 | Create | Villager (Male) |
| 23:19 | Create | Villager (Male) |
| 23:33 | Create | Villager (Male) |
| 23:33 | Create | Villager (Male) |
| 23:35 | Create | Villager (Male) |
| 23:39 | Build | Farm |
| 23:40 | Build | Farm |
| 23:40 | Build | Farm |
| 23:40 | Build | Farm |
| 23:40 | Build | Farm |
| 23:41 | Build | Farm |
| 23:42 | Create | Villager (Male) |
| 23:52 | Create | Villager (Male) |
| 23:54 | Create | Villager (Male) |
| 24:04 | Build | Farm |
| 24:04 | Build | Farm |
| 24:04 | Build | Farm |
| 24:04 | Build | Farm |
Match timeline
| 6:55 | BKlinz88 · first_building Barracks |
| 7:17 | BKlinz88 · wall_segment Palisade Wall x7 |
| 10:35 | BKlinz88 · age_up feudal |
| 11:00 | slebo · age_up feudal |
| 11:24 | slavlop · age_up feudal |
| 11:46 | Fede · age_up feudal |
| 12:38 | slebo · first_market_sell 100 wood |
| 12:40 | slebo · first_market_buy 100 food |
| 12:48 | Fede · first_market_sell 100 stone |
| 12:51 | Fede · first_market_buy 100 food |
| 12:57 | slavlop · first_building Barracks |
| 13:04 | BKlinz88 · first_market_sell 100 stone |
| 13:06 | BKlinz88 · first_market_buy 100 food |
| 14:16 | slavlop · first_building Stable |
| 15:01 | slavlop · age_up castle |
| 15:29 | slebo · age_up castle |
| 15:58 | Fede · age_up castle |
| 16:06 | Fede · first_building Castle |
| 16:09 | slebo · first_building Monastery |
| 16:21 | BKlinz88 · first_building Stable |
| 16:57 | slavlop · first_building Castle |
| 17:32 | BKlinz88 · age_up castle |
| 19:05 | Fede · first_building Barracks |
| 19:15 | BKlinz88 · wall_segment Palisade Wall x4 |
| 20:02 | Fede · first_building Donjon |
| 20:07 | slebo · first_building Barracks |
| 20:55 | slebo · first_building Archery Range |
| 22:11 | BKlinz88 · first_building Monastery |
| 23:31 | slavlop · first_market_buy 100 stone |
| 23:46 | BKlinz88 · first_building Siege Workshop |
| 24:58 | BKlinz88 · first_building Archery Range |
| 25:14 | Fede · first_building Stable |
| 25:18 | slebo · first_building Castle |
| 26:43 | Fede · first_building Siege Workshop |
| 27:04 | Fede · wall_segment Stone Wall x7 |
| 27:24 | BKlinz88 · age_up imperial |
| 29:23 | slavlop · first_building Archery Range |
| 30:32 | slebo · first_building Siege Workshop |
| 30:45 | slebo · age_up imperial |
| 32:57 | Fede · age_up imperial |
| 36:13 | slavlop · age_up imperial |
| 36:43 | slavlop · first_building Siege Workshop |
| 39:56 | slavlop · first_market_sell 100 wood |
| 40:48 | Fede · resign |
[ AI ANALYSIS · 1 CREDIT ]
What really happened in this match?
Wolo.gg analyzes every decision: build order, eco, micro, common mistakes by bracket. Personalized analysis on WhatsApp or Discord in 30 seconds.
Civ guide
Turks
Map guide
Arena
Perfil
slavlop